 Dungeon Crawl Stone Soup version 0.23.2-40-g277498a001 (webtiles) character file.

Game seed: 200674226569088709

219 Curus the Insei (level 5, 0/37 HPs)
             Began as a Merfolk Transmuter on Sept 29, 2019.
             Was an Initiate of Okawaru.
             Succumbed to an adder's poison
             ... on level 4 of the Dungeon.
             The game lasted 00:18:01 (2980 turns).

Curus the Insei (Merfolk Transmuter)                Turns: 2980, Time: 00:18:02

Health: 0/37       AC:  3    Str: 11    XL:     5   Next: 96%
Magic:  8/8        EV: 13    Int: 13    God:    Okawaru [......]
Gold:   162        SH:  0    Dex: 14    Spells: 4/8 levels left

rFire    . . .     SeeInvis .     - Unarmed
rCold    + . .     Gourm    .   (no shield)
rNeg     . . .     Faith    .   b - +1 robe
rPois    .         Spirit   .   (no helmet)
rElec    .         Reflect  .   (no cloak)
rCorr    .         Harm     .   (no gloves)
MR       .....                  (no boots)
Stlth    +.........             (no amulet)
HPRegen  0.12/turn              h - ring of protection from cold
MPRegen  0.11/turn              (no ring)

@: lethally poisoned (0 -> -4)
A: change form in water, swift swim, stealthy swim
a: Renounce Religion


You were on level 4 of the Dungeon.
You worshipped Okawaru.
Okawaru was noncommittal.
You were not hungry.

You visited 2 branches of the dungeon, and saw 5 of its levels.

You collected 162 gold pieces.

Inventory:

Missiles
 a - 23 arrows
Armour
 b - a +1 robe (worn)
Jewellery
 h - a ring of protection from cold (left hand)
Scrolls
 c - 2 scrolls of teleportation
 f - a scroll of identify
Potions
 e - a potion of agility
 i - a potion of might
Comestibles
 d - 9 rations


   Skills:
 - Level 1.1 Fighting
 - Level 2.6 Dodging
 + Level 5.6 Unarmed Combat
 - Level 2.0 Spellcasting
 - Level 4.3 Transmutations
 - Level 2.6 Poison Magic


You had 4 spell levels left.
You knew the following spells:

 Your Spells              Type           Power        Failure   Level  Hunger
a - Beastly Appendage     Tmut           ##....       4%          1    ##.....
b - Spider Form           Tmut/Pois      ##........   19%         3    ####...

Your spell library contained the following spells:

 Spells                   Type           Power        Failure   Level  Hunger
 Sticks to Snakes         Tmut           ##......     6%          2    ###....
 Ice Form                 Ice/Tmut       #.......     71%         4    #####..
 Blade Hands              Tmut           ##........   75%         5    ######.


Dungeon Overview and Level Annotations

Branches:
Dungeon (4/15)             Temple (1/1) D:4

Altars:
Cheibriados
Dithmenos
Elyvilon
Fedhas
Kikubaaqudgha
Okawaru
Ru
Uskayaw
Vehumet
Xom

Annotations:
D:3 2 transporters, freakyemo's ghost, amateur DEFE


Message History

* * * LOW HITPOINT WARNING * * *
You feel sick.
* * * LOW HITPOINT WARNING * * *
You feel sick.
* * * LOW HITPOINT WARNING * * *
You feel sick.
Your horns disappear.
* * * LOW HITPOINT WARNING * * *
You feel sick.
* * * LOW HITPOINT WARNING * * *
You feel sick.
* * * LOW HITPOINT WARNING * * *
You feel sick.
* * * LOW HITPOINT WARNING * * *
You feel sick.
* * * LOW HITPOINT WARNING * * *
You feel sick.
* * * LOW HITPOINT WARNING * * *
You feel sick.
You die...

....# ....# ..#.##
###รท.# ##.#########
#..#......###
#...........#######..
#............#......#
#............@.#
#.>..........###
#............#
#............#
#...........##
#####......##
########


There were no monsters in sight!

Vanquished Creatures
  A phantom (D:4)
  An orc wizard (D:4)
  4 adders
  2 dart slugs
  4 leopard geckos
  8 orcs (D:4)
  4 giant cockroaches
  6 goblins
  5 hobgoblins
  A jackal (D:2)
  3 kobolds (D:3)
  7 bats
  4 frilled lizards
  A leopard gecko skeleton (D:4)
  9 rats
60 creatures vanquished.

Notes
Turn   | Place    | Note
-------+----------+-------------------------------------------
     0 | D:1      | Curus the Merfolk Transmuter began the quest for the Orb.
     0 | D:1      | Reached XP level 1. HP: 15/15 MP: 3/3
   115 | D:1      | Reached XP level 2. HP: 21/21 MP: 5/5
   229 | D:1      | Reached skill level 4 in Unarmed Combat
   694 | D:2      | Reached XP level 3. HP: 25/26 MP: 4/6
   699 | D:2      | Learned a level 3 spell: Spider Form
   700 | D:2      | Found a snail-covered altar of Cheibriados.
   897 | D:2      | Reached skill level 1 in Poison Magic
  1336 | D:2      | Reached XP level 4. HP: 23/32 MP: 7/7
  1529 | D:2      | Found an ancient bone altar of Kikubaaqudgha.
  1531 | D:2      | Found a shadowy altar of Dithmenos.
  1582 | D:2      | Found a hide-covered altar of Uskayaw.
  1675 | D:3      | Found a transporter.
  1676 | D:3      | Noticed freakyemo's ghost (amateur DEFE)
  1677 | D:3      | Found a transporter.
  1891 | D:3      | Found a faded altar of an unknown god.
  1937 | D:4      | Noticed a phantom
  1951 | D:4      | Found a staircase to the Ecumenical Temple.
  2389 | D:4      | Reached XP level 5. HP: 16/37 MP: 4/8
  2688 | Temple   | Entered the Ecumenical Temple
  2701 | Temple   | Became a worshipper of Warmaster Okawaru
  2762 | D:4      | Killed a phantom
  2762 | D:4      | Reached skill level 5 in Unarmed Combat
  2935 | D:4      | Found a sacrificial altar of Ru.
  2978 | D:4      | HP: 1/37 [poisoned by an adder]
  2980 | D:4      | Succumbed to an adder's poison

Skill      XL: |  1  2  3  4  5 |
---------------+----------------+-----
Unarmed Combat | 4 5 |  5.6
Transmutations | 3 4 |  4.3
Poison Magic   | 1 2 |  2.6
Fighting       | |  1.1
Dodging        | |  2.6
Spellcasting   | |  2.0

Action                   |  1- 3 |  4- 6 || total
-------------------------+-------+-------++-------
Melee: Unarmed           |   135 |   115 ||   250
       Punch             |     3 |     1 ||     4
       Headbutt          |     2 |     7 ||     9
 Cast: Beastly Appendage |     6 |     7 ||    13
       Spider Form       |       |     2 ||     2
  Use: Scroll            |     2 |     1 ||     3
       Potion            |     3 |     1 ||     4
 Stab: Sleeping          |     1 |     2 ||     3
  Eat: Chunk             |     2 |     5 ||     7
Armor: Robe              |    32 |     8 ||    40
Dodge: Dodged            |    95 |    54 ||   149
